Map: 울레나

Players

HyuN - Winner!

  • Race: Zerg Zerg

JOOsh

  • Race: Terran Terran
  • League: Master

Event: Gauntlet LotV Series 1 Qualifier 1

VOD

Have the link to the VOD?

Description

Time

  • Played on: Nov. 22, 2015, 3:19 p.m.
  • Length: 4:37

All games in this series

Show
View Real Time Build Order
Export as new Build Order

HyuN Zerg - Winner!

Build Orders: Hatch First 

Get SALT Encoding   

  12  0:01  Drone  
  13  0:12  Overlord  
  13  0:18  Drone  
  14  0:31  Drone x2  
  14  0:34  Drone  
  17  0:57  Hatchery, Drone  
  17  1:00  Drone  
  18  1:11  Extractor  
  17  1:15  Spawning Pool  
  17  1:18  Drone  
  17  1:21  Drone  
  18  1:29  Drone  
  19  1:39  Overlord  
  19  2:02  Queen  
  19  2:03  Zergling x4  
  23  2:09  Queen  
  23  2:10  Zergling x2  
  23  2:11  Metabolic Boost  
  26  2:16  Drone  
  26  2:22  Zergling x2  
  28  2:27  Drone  
  29  2:36  Zergling x4  
  30  2:40  Baneling Nest  
  29  2:51  Zergling x2  
  29  2:52  Zergling x2  
  31  3:03  Zergling x6  
  35  3:12  Zergling x2  
  35  3:13  Zergling x2  
  35  3:32  Baneling x6  
  35  3:35  Baneling  
  35  3:53  Zergling x6  
  35  3:58  Zergling x2  
  35  3:59  Zergling x2  
  35  4:06  Zergling x2  
  35  4:20  Zergling x2  
Show
View Real Time Build Order
Export as new Build Order

JOOsh Terran 

Build Orders: Reaper Expand 

Get SALT Encoding   

  12  0:01  SCV  
  13  0:13  SCV  
  14  0:17  Supply Depot  
  14  0:25  SCV  
  15  0:39  SCV  
  15  0:41  Barracks  
  16  0:46  Refinery  
  16  0:51  SCV  
  17  1:03  SCV  
  18  1:15  SCV  
  19  1:29  Reaper, Orbital Command  
  20  1:44  Command Center  
  20  1:54  Supply Depot  
  20  1:55  SCV  
  21  2:02  Barracks Reactor  
  21  2:08  SCV  
  22  2:20  SCV  
  23  2:23  Factory  
  23  2:27  Refinery  
  23  2:32  SCV  
  24  2:42  Marine x2  
  26  2:44  SCV  
  26  2:59  SCV  
  26  3:00  Marine x2  
  28  3:10  Starport  
  27  3:26  SCV  
  28  3:29  Hellion x2, Barracks Tech Lab  
  32  3:41  Bunker  
  32  3:50  Hellion, Bunker x3  
  33  3:59  Hellion  
  26  4:02  Marine  
Tags
 
Add a new tag
Caveats
  • Supply blocks, unpowered buildings, or Contaminate may cause inaccurate times.
  • Supply counts are checked every 10 seconds.